 Dungeon Crawl Stone Soup version 0.31.0-9-g3a7656b989 (webtiles) character file.

Game seed: 8509764596367529746

89 qw the Shooter (level 4, -3/22 HPs)
             Began as a Spriggan Hunter on Feb 2, 2024.
             Slain by a ribbon worm (8 damage)
             ... on level 3 of the Dungeon.
             The game lasted 00:00:06 (1175 turns).

qw the Shooter (Spriggan Hunter)                    Turns: 1175, Time: 00:00:06

Health: -3/22      AC:  2    Str:  7    XL:     4   Next: 31%
Magic:  5/5        EV: 20    Int: 10    God:
Gold:   115        SH:  0    Dex: 20    Spells: 3/3 levels left

rFire   . . .        a - +0 shortbow
rCold   . . .        (shield currently unavailable)
rNeg    . . .        c - +0 robe
rPois   .            (helmet restricted)
rElec   .            (no cloak)
rCorr   .            (gloves unavailable)
SInv    +            (boots unavailable)
Will    .....        (no amulet)
Stlth   ++           (no ring)
HPRegen 0.23/turn    (no ring)
MPRegen 0.09/turn

%: no passive effects
@: very quick
A: very small, no large weapons, unfitting armour, see invisible, speed 3
a: no special abilities


You were on level 3 of the Dungeon.
You visited 1 branch of the dungeon, and saw 3 of its levels.

You collected 115 gold pieces.


Innate Abilities, Weirdness & Mutations

You are very small and have problems with some larger weapons.
You are too small for most types of armour.
You have supernaturally acute eyesight. (SInv)
You cover ground extremely quickly. (Speed+++)


   Skills:
 - Level 1.5 Fighting
 - Level 5.0 Ranged Weapons
 + Level 4.8 Dodging
 - Level 1.5 Stealth


You had 3 spell levels left.
You didn't know any spells.
Your spell library was empty.

Inventory:

Hand Weapons
 a - a +0 shortbow (weapon)
Armour
 c - a +0 robe (worn)
Scrolls
 h - a scroll of identify
Potions
 b - a potion of might
 d - a potion of curing {unknown}
 e - a potion of degeneration {unknown}
 f - a potion of heal wounds {unknown}
 g - a potion of haste {unknown}

Dungeon Overview and Level Annotations

Branches:
Dungeon (3/15)

Altars:

Annotations:
D:3 Grinder


Message History

You shoot an arrow. The arrow barely misses Grinder.
The arrow hits the adder.
The adder is lightly wounded.
Grinder gestures at you. Pain shoots through your body!
You shoot an arrow. The arrow closely misses Grinder.
The adder bites you.
Grinder blinks!
You shoot an arrow. The arrow hits the adder.
The adder is moderately wounded.
The adder completely misses you.
Grinder blinks!
The ribbon worm completely misses you. The adder completely misses you.
You shoot an arrow. The arrow barely misses the adder.
The adder closely misses you. The ribbon worm bites you.
You shoot an arrow. The arrow misses the adder.
The adder bites you. The adder closely misses you.
The ribbon worm barely misses you.
You shoot an arrow. The arrow closely misses the adder.
The adder misses you.
The ribbon worm bites you but does no damage.
Grinder gestures at you. You resist with some effort.
You shoot an arrow. The arrow closely misses the adder.
The adder completely misses you. The adder bites you but does no damage.
The ribbon worm completely misses you.
You shoot an arrow. The arrow barely misses the adder.
The adder misses you.
You shoot an arrow.
The arrow hits the adder but does no damage.
The adder is moderately wounded.
The adder barely misses you.
The ribbon worm expels a string of sticky webbing.
The stream of webbing hits you but does no damage.
You are caught in a web!
The adder bites you.
The web tears apart.
The ribbon worm completely misses you. The adder bites you but does no damage.
You shoot an arrow. The arrow hits the adder!
You kill the adder!
The ribbon worm completely misses you.
You shoot an arrow. The arrow barely misses Grinder.
Grinder hits you. The ribbon worm bites you!
You die...

#.....#...#
#.
#.###.#...#
.## #####.#
#.###.# ..#
#.....#
#.....# .#
..###.#..#
#.#####
...##..
#.#..# ###
..... #.#..#
#.##.%##....#
#....w@5.#.##
#....#.....#
#.## #.#...#
#.#......
#.#.....#
..##.##.# ...
.. ... ....
..# ..


You could see Grinder and a ribbon worm.

Vanquished Creatures
  4 adders
  2 dart slugs
  A ribbon worm (D:2)
  4 ball pythons (D:1)
  5 bats
  3 endoplasms
  A giant cockroach (D:2)
  2 goblins (D:2)
  6 hobgoblins
  2 quokkas
  3 frilled lizards
  8 kobolds
  4 rats
45 creatures vanquished.

Notes
Turn   | Place    | Note
-------+----------+-------------------------------------------
     0 | D:1      | qw the Spriggan Hunter began the quest for the Orb.
     0 | D:1      | Reached XP level 1. HP: 10/10 MP: 2/2
     0 | D:1      | 0 ||| qw: Version: 0.3-a-155-g5e7d8dd
     0 | D:1      | 0 ||| qw: Game counter: 2202
     0 | D:1      | 0 ||| qw: Melee chars always use a shield: true
     0 | D:1      | 0 ||| qw: God list: Okawaru
     0 | D:1      | 0 ||| qw: Allow faded altars: false
     0 | D:1      | 0 ||| qw: Do Orc after clearing Dungeon:15 true
     0 | D:1      | 0 ||| qw: Do second Lair branch before Depths: true
     0 | D:1      | 0 ||| qw: Lair rune preference: random
     0 | D:1      | 0 ||| qw: Goals: Normal
     0 | D:1      | 0 ||| PLANNING D:1-11
    29 | D:1      | Reached skill level 3 in Dodging
    52 | D:1      | Reached XP level 2. HP: 14/14 MP: 3/3
   254 | D:1      | Found a faded altar of an unknown god.
   381 | D:1      | 381 ||| READING 2 scrolls labelled CEETWUSHEFU.
   382 | D:1      | 382 ||| READING scroll labelled LEUF KO IZOB.
   382 | D:1      | 382 ||| IDENTIFYING emerald potion
   383 | D:1      | 383 ||| DROPPING scroll of butterflies.
   384 | D:1      | 384 ||| DROPPING scroll of immolation.
   385 | D:1      | 385 ||| DROPPING potion of attraction.
   470 | D:2      | Reached XP level 3. HP: 18/18 MP: 4/4
   478 | D:2      | 478 ||| FLEEEEING.
   481 | D:2      | 481 ||| FLEEEEING.
   483 | D:2      | 483 ||| FLEEEEING.
   484 | D:2      | 484 ||| FLEEEEING.
   485 | D:2      | 485 ||| FLEEEEING.
   486 | D:2      | 486 ||| FLEEEEING.
   487 | D:2      | 487 ||| FLEEEEING.
   488 | D:2      | 488 ||| FLEEEEING.
   489 | D:2      | 489 ||| FLEEEEING.
   490 | D:2      | 490 ||| FLEEEEING.
   491 | D:2      | 491 ||| FLEEEEING.
   492 | D:2      | 492 ||| FLEEEEING.
   494 | D:2      | 494 ||| FLEEEEING.
   495 | D:2      | 495 ||| FLEEEEING.
   497 | D:2      | 497 ||| FLEEEEING.
   498 | D:2      | 498 ||| FLEEEEING.
   499 | D:2      | 499 ||| FLEEEEING.
   500 | D:2      | 500 ||| FLEEEEING.
   501 | D:2      | 501 ||| FLEEEEING.
   502 | D:2      | 502 ||| FLEEEEING.
   508 | D:2      | 508 ||| FLEEEEING.
   509 | D:2      | 509 ||| FLEEEEING.
   510 | D:2      | 510 ||| FLEEEEING.
   512 | D:2      | 512 ||| FLEEEEING.
   513 | D:2      | 513 ||| FLEEEEING.
   787 | D:2      | Reached skill level 5 in Ranged Weapons
   790 | D:2      | Reached XP level 4. HP: 19/22 MP: 5/5
   984 | D:2      | 984 ||| READING scroll of identify.
   984 | D:2      | 984 ||| IDENTIFYING fizzy emerald potion
   985 | D:2      | 985 ||| READING 3 scrolls labelled YMMIMIDELUPS.
   986 | D:2      | 986 ||| DROPPING 2 scrolls of fog.
  1157 | D:3      | Noticed Grinder
  1172 | D:3      | HP: 5/22 [adder (2)]
  1175 | D:3      | Slain by a ribbon worm

Levels and vault maps discovered:
D:1:      grunt_arrival_crossed_arrows, layout_rooms,
          shapermc_ecumenical_altar_notcrosses
D:2:      kennysheep_big_flooded_room, layout_basic
D:3:      layout_basic, uniq_grinder

Skill      XL: |  1  2  3 |
---------------+----------+-----
Dodging        | 3 4 |  4.8
Ranged Weapons | 5 |  5.0
Fighting       | |  1.5
Stealth        | |  1.5

Action                     |  1- 3 |  4- 6 || total
---------------------------+-------+-------++-------
   Fire: Shortbow          |    96 |    50 ||   146
    Use: Scroll            |     2 |     2 ||     4
 Armour: Robe              |     8 |    11 ||    19
  Dodge: Dodged            |    34 |    19 ||    53

Table legend:
 A = Non-vault XP
 B = Vault XP
 C = Vault XP percentage of total XP
 D = Non-vault monster count
 E = Vault monster count
 F = Vault count percentage of total count
                 A         B        C        D         E       F
            +---------+---------+-------+---------+---------+-------
      Total |     124 |       4 |   3.1 |      43 |       2 |   4.4
            +---------+---------+-------+---------+---------+-------
        D:1 |      32 |       0 |   0.0 |      18 |       0 |   0.0
        D:2 |      70 |       4 |   5.4 |      18 |       2 |  10.0
        D:3 |      22 |       0 |   0.0 |       7 |       0 |   0.0
            +---------+---------+-------+---------+---------+-------
